[Event "*** Titled Tuesday Blitz"]
[Site "Chess.com"]
[Date "2018.06.05"]
[Round "1"]
[White "FancyPlaySyndrome"]
[Black "OparinGrigoriy"]
[Result "0-1"]
[WhiteElo "2421"]
[BlackElo "2901"]
[TimeControl "180+2"]
[EndTime "13:09:59 PDT"]
[Termination "OparinGrigoriy won by resignation"]

1. e4 c6 2. d4 d5 3. f3 g6 4. Nc3 Bg7 5. e5 h5 6. Be3 Nh6 7. Qd2 Nf5 8. Bf2 b6 9. f4 Ba6 10. Nf3 Bxf1 11. Rxf1 e6 12. g3 Qc7 13. h3 a6 14. Rg1 c5 15. g4 Nxd4 16. Nxd4 cxd4 17.
Ne2 hxg4 18. hxg4 Nc6 19. Nxd4 Nxd4 20. Bxd4 O-O-O 21. O-O-O Kb7 22. Kb1 Rc8 23. Qg2 Qc6 24. b3 Bh6 25. Rgf1 Bf8 26. Bb2 Bb4 27. f5 gxf5 28. gxf5 Rc7 29. fxe6 fxe6 30. Rf6 Rg8 31.
Qe2 Rg3 32. a3 Bc3 33. Rd3 Rg1+ 34. Ka2 Bxb2 35. Kxb2 Re1 36. Qh2 Rxe5 37. Rff3 Rg5 38. Rc3 Qd7 39. Qf2 Rg7 40. Qd4 Rxc3 41. Rxc3 Re7 42. Qe5 Qd8 43. a4 a5 44. Rh3 Qc7 45. Qf6 e5 46. Rd3 d4 47. c3 dxc3+ 48. Rxc3 Qd7 49.
Ka3 e4 50. Re3 Qe6 51. Qd4 Qc6 52. Kb2 Qe6 53. Ka3 Qe5 54. Qd8 Qc5+ 55. Ka2 Rf7 56. Re2 e3 57. Qe8 Re7 58. Qg6 Qe5 59. Qd3 Ka7 60.
Qc4 Qh5 61. Qd3 Qc5 62. Rc2 Qxc2+ 63. Qxc2 e2 0-1

[Event "*** Titled Tuesday Blitz"]
[Site "Chess.com"]
[Date "2018.06.05"]
[Round "1"]
[White "dmosesov"]
[Black "Abund"]
[Result "1/2-1/2"]
[WhiteElo "2194"]
[BlackElo "2509"]
[TimeControl "180+2"]
[EndTime "13:09:59 PDT"]
[Termination "Game drawn by repetition"]

1. e4 c6 2. d4 d5 3. e5 Bf5 4.
Nf3 e6 5. Be2 c5 6. O-O Nc6 7.
c3 cxd4 8. cxd4 Nge7 9. Nc3 Nc8 10. Be3 Be7 11. Rc1 Nb6 12. a3 O-O 13. b4 a6 14. Nd2 Rc8 15. Nb3 Nc4 16. Bxc4 dxc4 17. Nc5 b6 18. Nxa6 Bd3 19. Re1 Nxd4 20. Bxd4 Qxd4 21.
Nb5 Qd7 22. Nac7 Rfd8 23. Re3 Bg5 24. Rxd3 Qxd3 25. Qxd3 cxd3 26. Rd1 Rd7 27. g3 Bd8 28. Ne8 Rd5 29. Ned6 Rc2 30. Kf1 f6 31. exf6 Bxf6 32. Ne4 Bb2 33. a4 Rc4 34. Ned6 Rxb4 35. Nc8 Rd8 36.
Ne7+ Kf7 37. Nc6 Rxb5 38. Nxd8+ Ke8 39. axb5 Kxd8 40. Rxd3+ Ke7 41. Rb3 Bd4 42. Ra3 Kd6 43. Ra7 Kc5 44. Re7 Kd6 45. Rf7 Bf6 46. f4 Kc5 47. g4 h6 48. g5 hxg5 49. fxg5 Bd4 50.
Re7 Kd6 51. Re8 Be5 52. h4 Kd7 53. Rg8 Ke7 54. h5 Kf7 55. Rc8 Bf4 56. h6 gxh6 57. gxh6 Bxh6 58. Rc6 Be3 59. Ke2 Bd4 60. Kf3 Ke7 61.
Ke4 Bg1 62. Ke5 Bh2+ 63. Ke4 Bg1 64. Ke5 Bh2+ 65. Ke4 Bg1 66. Ke5 1/2-1/2

[Event "*** Titled Tuesday Blitz"]
[Site "Chess.com"]
[Date "2018.06.05"]
[Round "1"]
[White "wonderfultime"]
[Black "PaulfromSPb"]
[Result "1-0"]
[WhiteElo "2852"]
[BlackElo "2421"]
[TimeControl "180+2"]
[EndTime "13:10:01 PDT"]
[Termination "wonderfultime won by resignation"]

1. d4 Nf6 2. Nf3 e6 3. Bf4 b6 4. Nbd2 Bb7 5. h3 Be7 6. e3 O-O 7. Bd3 c5 8. O-O Nc6 9. c3 d6 10.
Bh2 a6 11. a4 Rc8 12. Qe2 Ra8 13. Rfd1 Nd7 14. Nc4 d5 15. Nd6 Bxd6 16. Bxd6 Re8 17. b4 cxb4 18. Bxb4 Nxb4 19. cxb4 Qe7 20. Rab1 Rec8 21.
Qd2 a5 22. bxa5 Rxa5 23. Bb5 Ba6 24. Bxd7 Qxd7 25. Rxb6 Rxa4 26. Ne5 Qe8 27. Rdb1 f6 28. Nd3 Bxd3 29. Qxd3 Rac4 30. Qa3 R4c6 31. Rb7 R6c7 32.
Qd6 Rf7 33. R1b6 Rxb7 34. Rxb7 Rc6 35. Qg3 Qf8 36. h4 Rc1+ 37. Kh2 Rc6 38. h5 h6 39. f3 Kh8 40. e4 dxe4 41. fxe4 Rd6 42. Rxg7 Rxd4 43.
Rg6 Rxe4 44. Qf3 Re5 45. g4 Rd5 46. Qf4 Qd6 47. Rxh6+ Kg7 48. Rg6+ Kf7 49. Rxf6+ Ke7 50. Rf7+ Ke8 51. Qxd6 Rxd6 52. Ra7 Rd3 53. h6 Rd2+ 54.
Kg3 Rd3+ 55. Kh4 Rd1 56. h7 Rh1+ 57. Kg5 Kf8 58. Kg6 e5 59. Ra8+ Ke7 60. h8=Q 1-0

[Event "*** Titled Tuesday Blitz"]
[Site "Chess.com"]
[Date "2018.06.05"]
[Round "1"]
[White "krzysztofszczurek"]
[Black "comedy_of_errors"]
[Result "0-1"]
[WhiteElo "2252"]
[BlackElo "2585"]
[TimeControl "180+2"]
[EndTime "13:10:02 PDT"]
[Termination "comedy_of_errors won by resignation"]

1. e4 e6 2. d4 d5 3. exd5 exd5 4. Nf3 Nc6 5. c3 Bd6 6. Bd3 Nge7 7. O-O Bg4 8. Be3 Qd7 9. Nbd2 f6 10. Qc2 Bf5 11. Rfe1 O-O 12. Kh1 Rfe8 13. Nb3 Bxd3 14. Qxd3 Qf5 15.
Qb5 a6 16. Qe2 Qh5 17. h3 Nf5 18. Qd3 Nxe3 19. Rxe3 Rxe3 20. Qxe3 Re8 21. Qd2 Re4 22. Re1 Ne7 23. Nc5 Bxc5 24. dxc5 Qf5 25. Nd4 Qe5 26.
Rxe4 dxe4 27. b4 f5 28. g3 Kf7 29. Kg2 Qd5 30. Kh2 Qe5 31. Qe2 g6 32. Qd2 Kg7 33. Ne2 Qd5 34. Qf4 Qxa2 35. Qxc7 Kf7 36. Nf4 Qxf2+ 37. Ng2 e3 38. Qe5 e2 39. c4 g5 40. b5 axb5 41. cxb5 f4 42. gxf4 gxf4 43. Qh5+ Ng6 44. Qf5+ Kg7 45. Qd7+ Kh6 46. Qd2 Qg3+ 47. Kh1 Qxh3+ 48. Kg1 Qg4 49. c6 bxc6 50. bxc6 Qe6 51. c7 Qb6+ 52. Kh1 Qxc7 53. Qxe2 Qc6 54. Kh2 Qd6 55. Qf3 Qe5 56. Kh1 Qh5+ 57. Qxh5+ Kxh5 58. Kg1 Kg4 59. Kf2 Ne5 60. Ne1 h5 61. Nc2 h4 62. Nd4 h3 63. Nc2 Nc4 64. Kg1 Kg3 65. Nd4 Ne3 66. Ne2+ Kg4 67. Kh2 Nf1+ 68. Kg1 h2+ 69.
Kh1 Ng3+ 0-1

[Event "*** Titled Tuesday Blitz"]
[Site "Chess.com"]
[Date "2018.06.05"]
[Round "1"]
[White "26andrej26"]
[Black "Dr-Bassem"]
[Result "1-0"]
[WhiteElo "2373"]
[BlackElo "2677"]
[TimeControl "180+2"]
[EndTime "13:10:03 PDT"]
[Termination "26andrej26 won by resignation"]

1. e4 e5 2. f4 exf4 3. Nf3 g5 4.
h4 g4 5. Ne5 h5 6. Bc4 Nh6 7. d4 d6 8. Nd3 f3 9. gxf3 Be7 10.
Be3 Bxh4+ 11. Kd2 Nc6 12. Nc3 Na5 13. Bb3 Nxb3+ 14. axb3 Bd7 15. Ra5 c5 16. Ra3 cxd4 17. Bxd4 Rg8 18. Nd5 Be6 19. Rxh4 Bxd5 20. Rxh5 gxf3 21.
Qxf3 Be6 22. Rxh6 d5 23. Rh2 Bg4 24. Qe3 dxe4 25. Qxe4+ Be6 26. Nc5 Qg5+ 27. Qe3 Qd5 28. Nxe6 fxe6 29. Re2 O-O-O 30. c3 Rge8 31. Rxa7 e5 32. Ra8+ Kc7 33. Rxd8 Qxd8 34. Kc2 exd4 35. Qxe8 d3+ 36. Kd2 dxe2+ 37. Qxd8+ Kxd8 38. Kxe2 Kc7 39. Kd3 Kd6 40. Kc4 Kc6 41. Kb4 Kb6 42. Kc4 Kc6 43.
b4 b6 44. b5+ Kd6 45. Kd4 Ke6 46. Ke4 Kd6 47. b4 Ke6 48. c4 Kd6 49. Kf5 Kd7 50. Ke5 Ke7 51. Kd5 Kd7 52. c5 Kc7 53. Ke6 Kc8 54. Kd6 Kb7 55. Kd7 Kb8 56. Kc6 Ka7 57.
Kc7 Ka8 58. Kxb6 Kb8 59. Kc6 Kc8 60. b6 Kb8 61. b7 Ka7 62. Kc7 Ka6 63. b5+ Ka5 64. b6 1-0

[Event "*** Titled Tuesday Blitz"]
[Site "Chess.com"]
[Date "2018.06.05"]
[Round "1"]
[White "NDePinEsPeRG"]
[Black "FranklinAPalomo"]
[Result "1-0"]
[WhiteElo "2649"]
[BlackElo "2327"]
[TimeControl "180+2"]
[EndTime "13:10:09 PDT"]
[Termination "NDePinEsPeRG won by resignation"]

1. d4 c5 2. d5 Nf6 3. Nc3 d6 4.
e4 g6 5. Bb5+ Bd7 6. a4 Bg7 7.
Nf3 O-O 8. O-O Bg4 9. h3 Bxf3 10. Qxf3 a6 11. Be2 Nbd7 12. Bg5 Ne8 13. Qe3 Nc7 14. Bh6 Qe8 15. a5 e5 16. dxe6 Qxe6 17. Bxg7 Kxg7 18. Rfd1 Rad8 19. Bg4 Qe7 20. Bxd7 Rxd7 21. Rd3 Re8 22. Rad1 Red8 23. Na4 Qe6 24. b3 h6 25. e5 Ne8 26. exd6 Qxe3 27. Rxe3 Rxd6 28. Rxd6 Nxd6 29. Nxc5 Rc8 30. b4 Rc7 31. Kf1 h5 32. Ke2 Nc4 33. Rc3 Re7+ 34. Kd1 Nd6 35. Rd3 Nb5 36. c4 Na7 37.
Kd2 Nc6 38. Kc3 Re1 39. Nxb7 Rc1+ 40. Kd2 Rxc4 41. Rc3 Rd4+ 42. Ke3 Rxb4 43. Rxc6 Rxb7 44. Rxa6 Rb2 45. Rb6 Ra2 46. a6 h4 47. Kf3 Ra4 48.
g3 hxg3 49. fxg3 g5 50. g4 f6 51. Rb7+ Kg6 52. a7 Ra3+ 53. Ke4 Ra5 54. Kd4 f5 55. gxf5+ Kxf5 56. Kc4 Kf4 57. Kb4 Ra1 58. Rh7 Kg3 59. Kc5 Kf4 60. Kb6 Kg3 61. Rh5 Kf4 62. Rh6 Kg3 63. Kb7 Rb1+ 64. Rb6 Ra1 65. Rb3+ Kh4 66. a8=Q Rxa8 67. Kxa8 1-0

[Event "*** Titled Tuesday Blitz"]
[Site "Chess.com"]
[Date "2018.06.05"]
[Round "1"]
[White "FearNoEvil12"]
[Black "DiogenesSinopeus"]
[Result "1/2-1/2"]
[WhiteElo "1947"]
[BlackElo "2429"]
[TimeControl "180+2"]
[EndTime "13:10:13 PDT"]
[Termination "Game drawn - insufficient material"]

1. e4 e5 2. d4 exd4 3. Bc4 Nc6 4. Nf3 Nf6 5. e5 Ng4 6. Bg5 Be7 7. Bxe7 Qxe7 8.
O-O O-O 9. Re1 Qc5 10. Qe2 Ngxe5 11. Nxe5 Nxe5 12. Bb3 d6 13. Nd2 Bg4 14. f3 d3+ 15. Qf2 Qxf2+ 16. Kxf2 Bd7 17. c3 Be6 18. h3 Bxb3 19.
axb3 a6 20. Re3 f5 21. f4 Nc6 22. Rxd3 Rfe8 23. Re3 Rxe3 24. Kxe3 Re8+ 25. Kf2 Kf7 26.
Re1 Rxe1 27. Kxe1 Ke6 28. Kf2 Kd5 29. Ke3 Ne7 30. b4 Ke6 31. c4 d5 32. b3 Nc6 33. b5 axb5 34. cxb5 Na7 35. b6 cxb6 36. Nf3 Nc6 37. Ng5+ Kd6 38. Nxh7 d4+ 39. Kd3 Kd5 40.
Nf8 Nb4+ 41. Kd2 Ke4 42. g3 Kf3 43. Ne6 Kxg3 44. Nxd4 g6 45. Ne6 Kxh3 46. Kc3 Nc6 47. Kc4 Kg4 48. Kb5 Ne7 49. Kxb6 Nd5+ 50. Kxb7 Nxf4 51.
Nd4 Nd3 52. Kc6 f4 53. Kd5 f3 54. Nc2 f2 55. Kd4 Nb4 56. Ne3+ Kf3 57. Nf1 Ke2 58.
Ng3+ Kf3 59. Nf1 g5 60. Kc4 Nc6 61. b4 g4 62. b5 Nb8 63. Kd3 g3 64. Nd2+ Kg2 65.
Ke2 Kg1 66. Nf3+ Kg2 67. Nh4+ Kh3 68. Nf3 Kg2 69. Nh4+ Kh2 70. Nf3+ Kg2 71. Nh4+ Kh3 72. Nf3 Nd7 73. Kf1 Nb6 74. Ng5+ Kg4 75. Ne4 Nc4 76. Nxf2+ Kf3 77. Nh3 g2+ 78. Kg1 Kg3 79.
Nf4 Kxf4 80. Kxg2 Ke5 81. b6 Nxb6 1/2-1/2

[Event "*** Titled Tuesday Blitz"]
[Site "Chess.com"]
[Date "2018.06.05"]
[Round "1"]
[White "Justmig"]
[Black "AlexTruskavetsky"]
[Result "1-0"]
[WhiteElo "2619"]
[BlackElo "2290"]
[TimeControl "180+2"]
[EndTime "13:10:14 PDT"]
[Termination "Justmig won on time"]

1. e4 d6 2. d4 g6 3. Nf3 Bg7 4. Bc4 c6 5. Bb3 Nf6 6. Nbd2 O-O 7. O-O d5 8. e5 Ne8 9. Re1 Bg4 10. h3 Bxf3 11.
Nxf3 Nc7 12. c3 Nd7 13. Bg5 h6 14. Be3 Rc8 15. h4 e6 16. Bc2 c5 17. h5 g5 18.
Qd3 f5 19. exf6 Nxf6 20. dxc5 Qe8 21. Bd4 Qxh5 22. Bxf6 Rxf6 23. Qh7+ Kf8 24. Ne5 Rd8 25. Bg6 Qh4 26. g3 Qh3 27. Bf7 Qf5 28. Qg8+ Ke7 29.
Qxg7 Qxf2+ 30. Kh1 Rxf7 31. Qxf7+ Qxf7 32. Nxf7 Kxf7 33. Kg2 Kf6 34. Rf1+ Kg6 35. Rae1 h5 36. b4 a6 37. a4 Re8 38. Re5 Re7 39. Rb1 Ne8 40. b5 Kf6 41. Re2 axb5 42. axb5 e5 43. b6 e4 44. c6 Nd6 45. c7 Ke5 46. Ra1 Re8 47. Ra5 Nc4 48.
Rc5 Rc8 49. Ra2 Nxb6 50. Rb5 Nc4 51. Rxb7 h4 52. gxh4 gxh4 53. Ra6 e3 54. Kf3 h3 55.
Rh6 Rf8+ 56. Ke2 Rf2+ 57. Ke1 Nd2 58. Rxh3 Ke4 59. c8=Q Rf1+ 60. Ke2 Rf2+ 61. Kd1 1-0

[Event "*** Titled Tuesday Blitz"]
[Site "Chess.com"]
[Date "2018.06.05"]
[Round "1"]
[White "GGX0X0"]
[Black "Max_Schachmann"]
[Result "1-0"]
[WhiteElo "2327"]
[BlackElo "2617"]
[TimeControl "180+2"]
[EndTime "13:10:19 PDT"]
[Termination "GGX0X0 won by resignation"]

1. e4 e5 2. Nf3 Nf6 3. Nxe5 d6 4.
Nf3 Nxe4 5. Qe2 Qe7 6. d3 Nf6 7. Qxe7+ Bxe7 8. d4 Bf5 9. c3 O-O 10. Be2 Re8 11. O-O Nbd7 12. Na3 d5 13. Nb5 Bd8 14. Re1 Rxe2 15. Rxe2 Bd3 16. Nxc7 Bxc7 17. Re1 b5 18. Bd2 Ne4 19. a4 bxa4 20. Rxa4 Nb6 21. Raa1 Kf8 22. Bc1 a5 23. Nd2 a4 24. f3 Nd6 25. b3 axb3 26. Rxa8+ Nxa8 27. Nxb3 Nb5 28. Nc5 Bf5 29. g4 Bc8 30. Bd2 Nb6 31. Rb1 Nd6 32.
Bf4 Nbc4 33. Nd3 f6 34. Ra1 g5 35. Bg3 Ke7 36. Nc5 f5 37. Re1+ Kf6 38. Be5+ Kf7 39.
gxf5 Bd7 40. Nxd7 Nd2 41. Kg2 N2c4 42. Nc5 Ba5 43. Bxd6 Nxd6 44. Re3 Nxf5 45. Rd3 Nh4+ 46. Kg3 Ng6 47. Kg4 h6 48. Nb3 Bc7 49. h3 Nh4 50.
Re3 Bf4 51. Re2 Bd6 52. Nc5 Ng6 53. Nd3 Kf6 54. Ne5 h5+ 55. Kg3 Nh4 56. Ra2 Bxe5+ 57. dxe5+ Kxe5 58. Ra5 Nf5+ 59. Kf2 Nd6 60. Ra8 Nb5 61.
Rc8 d4 62. Rc5+ Kf4 63. Rxb5 dxc3 64. Rb4+ Kf5 65. Rc4 Kf6 66. Rxc3 Kg6 67. Rc4 Kf6 68. Ke3 1-0

[Event "*** Titled Tuesday Blitz"]
[Site "Chess.com"]
[Date "2018.06.05"]
[Round "1"]
[White "rasmussvane"]
[Black "NMJeevanK"]
[Result "1/2-1/2"]
[WhiteElo "2572"]
[BlackElo "2285"]
[TimeControl "180+2"]
[EndTime "13:10:21 PDT"]
[Termination "Game drawn by repetition"]

1. Nf3 d5 2. d4 Nf6 3. c4 e6 4.
Nc3 c5 5. cxd5 exd5 6. Bg5 Be6 7. e3 Nc6 8. Be2 h6 9. Bxf6 Qxf6 10. O-O cxd4 11.
Nxd4 Nxd4 12. exd4 a6 13. Qa4+ Bd7 14. Bb5 Qd6 15.
Bxd7+ Qxd7 16. Rfe1+ Be7 17. Qa3 Kf8 18. Qb3 Rd8 19. Re5 b5 20. Rxd5 Qc7 21. Re1 Bd6 22. g3 Kg8 23. Rf5 g6 24. Nd5 Qc4 25. Qxc4 bxc4 26.
Rf3 Kg7 27. Rc1 Bxg3 28. hxg3 Rxd5 29. Rxc4 Rhd8 30. Rc6 Rxd4 31. Rxa6 Rb4 32. Ra7 Rf8 33. b3 g5 34. Kg2 Kg6 35. a3 Rb6 36. b4 f6 37. Re3 h5 38. Rc7 Ra8 39. Rcc3 Ra4 40. Rb3 Kf5 41. Rec3 Kg6 42. Rc5 Rba6 43. Rcc3 Rb6 44.
b5 Ra5 45. Rc5 Kf7 46. Kf3 Ke6 47. Ke3 Kd6 48. Rf5 Ke6 49. Rc5 Kd6 50. Kd4 Ra4+ 51. Rc4 Ra5 52. a4 Rb8 53. Rbb4 Rb6 54. Rc5 Kd7 55.
Kc4 Ra8 56. Kb3 Ra5 57. Rd4+ Ke6 58. Kb4 Ra8 59. a5 Rbb8 60. b6 Ra7 61. Kb5 Rab7 62.
Rc6+ Ke5 63. Rdc4 Rd7 64. a6 Rd2 65. a7 Rb2+ 66. Kc5 Rd8 67. Rc3 Rd5+ 68. Kc4 Rd4+ 69. Kc5 Rd5+ 70. Kc4 Rd4+ 71. Kc5 Rd5+ 72. Kc4 1/2-1/2

[Event "*** Titled Tuesday Blitz"]
[Site "Chess.com"]
[Date "2018.06.05"]
[Round "1"]
[White "twitchTriniCupid"]
[Black "Fighterman91"]
[Result "1/2-1/2"]
[WhiteElo "2257"]
[BlackElo "2553"]
[TimeControl "180+2"]
[EndTime "13:10:24 PDT"]
[Termination "Game drawn by agreement"]

1. d4 Nf6 2. c4 g6 3. Nf3 Bg7 4. Bg5 O-O 5. Nc3 d6 6. e3 Nbd7 7. Be2 c6 8. Qc2 Qa5 9. Bh4 e5 10. O-O Re8 11. Rad1 a6 12. a3 Qc7 13. h3 h6 14. b4 b6 15. Bg3 Bb7 16. Rc1 Qd8 17.
Rfd1 Qe7 18. d5 cxd5 19. Nxd5 Nxd5 20. cxd5 Rec8 21. Qb3 Nf6 22. Rxc8+ Rxc8 23. Bh4 Qc7 24. Bxf6 Bxf6 25. Nd2 Be7 26. e4 Qc2 27. Bg4 Qxb3 28. Nxb3 Rc3 29. Rc1 Rxb3 30. Rc7 Bh4 31. g3 Bg5 32.
Rxb7 Rxa3 33. h4 Bd2 34. Rxb6 h5 35. Bc8 Rb3 36. Bxa6 Bxb4 37. Kg2 Rb2 38. Kf3 Rxf2+ 39. Kxf2 Bc5+ 40. Kf3 Bxb6 41. g4 Kg7 42. gxh5 gxh5 43. Bc8 Ba5 44. Kg3 Be1+ 45. Kh3 Kg6 46. Bf5+ Kf6 47. Bh7 Ke7 48. Bf5 Kd8 49. Bh7 Ke8 50. Bf5 Kf8 51. Bh7 Kg7 52. Bf5 Kg8 53. Bc8 Kf8 54. Bf5 Ke7 55. Bh7 Kf6 56. Bf5 Bf2 57. Bc8 Be3 58. Bf5 Bd2 59. Bc8 Bc3 60. Bf5 Bb4 61.
Bc8 Be1 62. Bf5 Ke7 63. Bh7 Kd8 64. Bg8 Bd2 65. Bxf7 Ke7 66. Bxh5 Kf6 67. Kg4 Bc1 68. Be8 Bd2 69. Bd7 Bh6 70. Kh5 Bc1 71. Kg4 Bd2 72. Bf5 Bf4 73. h5 Bh6 74. Bg6 Bf4 75. Be8 Bh6 76. Bg6 Bf4 77. Kf3 Bh6 78. Ke2 Ke7 79. Kd3 Bg5 80. Kc4 Bh6 81. Kb5 Bg5 82. Kc6 Bh6 83. Kb7 Bg5 84. Kc8 Bh6 1/2-1/2

[Event "*** Titled Tuesday Blitz"]
[Site "Chess.com"]
[Date "2018.06.05"]
[Round "1"]
[White "jeetjain"]
[Black "Vrolijk"]
[Result "1/2-1/2"]
[WhiteElo "2307"]
[BlackElo "2615"]
[TimeControl "180+2"]
[EndTime "13:10:29 PDT"]
[Termination "Game drawn by agreement"]

1. e4 e5 2. Nf3 Nc6 3. Bc4 Bc5 4.
c3 Nf6 5. d3 O-O 6. Bg5 h6 7.
Bh4 Be7 8. Nbd2 d6 9. a4 a5 10. O-O Be6 11. Re1 Qd7 12. Bg3 Rfe8 13. Qb3 Rab8 14.
Rad1 Nh5 15. d4 Nxg3 16. hxg3 exd4 17. cxd4 Nb4 18. Bxe6 Qxe6 19. Qxe6 fxe6 20. Nc4 b6 21. Na3 c6 22. Re3 Bf8 23. Ne1 d5 24. Nd3 c5 25. Nxb4 axb4 26. Nb5 cxd4 27. Nxd4 Bc5 28. Ree1 dxe4 29. Nb3 Ra8 30. Nxc5 bxc5 31. b3 Red8 32. Rxd8+ Rxd8 33. Rxe4 Kf7 34. Rc4 Rd3 35. Rxc5 Rxb3 36. Rb5 Ra3 37. Rxb4 Kf6 38. f3 Ra2 39. Kh2 h5 40. g4 hxg4 41. Rxg4 Kf7 42. Rb4 Ra3 43. Kg3 Ra2 44. Kh3 Kf6 45. g4 g5 46. Kg3 Ke5 47.
Rb5+ Kf6 48. a5 Kg6 49. Rc5 Kf6 50. Rb5 Kg6 51. Rb6 Rxa5 52. Rxe6+ Kf7 53. Rb6 Rc5 54. Kf2 Rc3 55. Ke2 Kg7 56. Rb5 Kg6 57. Rf5 Ra3 58.
Kd2 Rb3 59. Kc2 Ra3 60. Kd2 Rb3 61. Ke2 Ra3 62. Rb5 Rc3 63. Rd5 Rb3 64. Rd3 Rb4 65. Ke3 Ra4 66. Rd4 Ra5 67. Ke4 Kf6 68. Rd6+ Kg7 69.
Rd5 Ra4+ 70. Rd4 Ra3 71. Rd5 Ra4+ 72. Kf5 Rf4+ 73. Kxg5 Rxf3 74. Rd7+ Kg8 75. Kg6 Rf8 76. g5 Ra8 77. Rg7+ Kh8 78. Rf7 Kg8 79. Rf6 Ra7 80.
Rb6 Ra8 81. Kh6 Rc8 82. g6 Ra8 83. Rb7 Rc8 84. Rg7+ Kh8 85. Rf7 Kg8 86. Rg7+ Kh8 87. Rh7+ Kg8 88. Rd7 Ra8 89. Rg7+ Kh8 90. Rb7 Kg8 91. Kg5 Ra5+ 92. Kh6 Ra8 1/2-1/2

[Event "*** Titled Tuesday Blitz"]
[Site "Chess.com"]
[Date "2018.06.05"]
[Round "1"]
[White "Jahonas"]
[Black "Iball95"]
[Result "0-1"]
[WhiteElo "2234"]
[BlackElo "2554"]
[TimeControl "180+2"]
[EndTime "13:10:29 PDT"]
[Termination "Iball95 won by resignation"]

1. d4 Nf6 2. Nf3 e6 3. c3 d5 4. Bf4 c5 5. e3 Bd6 6. Bxd6 Qxd6 7. Nbd2 Nc6 8. Bd3 O-O 9. O-O e5 10. dxe5 Nxe5 11. Be2 Re8 12. c4 dxc4 13. Nxc4 Nxc4 14. Bxc4 Qc7 15. Ng5 Rf8 16. Qf3 Bg4 17. Qg3 Qxg3 18.
hxg3 Rad8 19. f3 Bd7 20. Rfd1 h6 21. Nh3 Bc6 22. Nf4 Rfe8 23. e4 g5 24. Nh3 Kf8 25.
g4 Nd7 26. Bd5 Ne5 27. Bxc6 Nxc6 28. Rac1 b6 29. Kf2 Nb4 30. Ke3 Nxa2 31. Rxd8 Nxc1 32. Rd7 Re7 33. Rd8+ Re8 34. Rd7 Re7 35. Rd8+ Kg7 36. Ng1 Nb3 37. Ne2 Kf6 38. Ng3 Nd4 39. Rd6+ Re6 40.
Rd7 a6 41. Nf5 Nxf5+ 42. gxf5 Rc6 43. f4 b5 44. g4 gxf4+ 45. Kxf4 Kg7 46. e5 Kf8 47. f6 Rc8 48. g5 hxg5+ 49. Kxg5 c4 50. Rb7 Ke8 51. Kf5 Rc5 52. Re7+ Kf8 53. Rb7 Rc8 54.
Ke4 Kg8 55. Rb6 Kh7 56. Kf5 Rc7 57. Ke4 Kg6 58. Kd5 Kf5 59. Kd6 Ra7 60. Rc6 a5 61.
Rc5 Rb7 62. Kc6 Rb8 63. Kc7 Re8 64. Kd6 Re6+ 65. Kd7 b4 66. Rxc4 Rxe5 67. Rc6 a4 68. Rb6 Re4 0-1

[Event "*** Titled Tuesday Blitz"]
[Site "Chess.com"]
[Date "2018.06.05"]
[Round "1"]
[White "Rish_97"]
[Black "VitaliyBernadskiy"]
[Result "0-1"]
[WhiteElo "2294"]
[BlackElo "2620"]
[TimeControl "180+2"]
[EndTime "13:10:30 PDT"]
[Termination "VitaliyBernadskiy won by resignation"]

1. e4 c5 2. Nc3 Nc6 3. Nge2 g6 4. d4 cxd4 5. Nxd4 Bg7 6. Be3 Nf6 7. Bc4 O-O 8. O-O d6 9. h3 Bd7 10. Bb3 Nxd4 11.
Bxd4 Bc6 12. f4 Nd7 13. Kh1 Bxd4 14. Qxd4 Qb6 15. Qd2 Nc5 16. Rae1 a5 17. f5 a4 18. Bd5 Nd7 19. fxg6 hxg6 20. Qh6 e6 21. Rf4 Qd4 22. e5 Qxf4 23. Qxf4 dxe5 24. Qh6 exd5 25. Nd1 d4 26. Nf2 Rfe8 27. Ng4 e4 28. Qf4 f5 29. Nh6+ Kg7 30. Qg5 Kh7 31. Nf7 Kg7 32. Nd6 Re5 33. Rf1 Rf8 34. Qd2 d3 35. cxd3 e3 36. Qc3 Rf6 37. Nc4 e2 38. Re1 Ree6 39. Qd2 f4 40. Rxe2 f3 41. Rxe6 fxg2+ 42. Kh2 Rxe6 43.
Ne3 Ne5 44. Qc3 Kf7 45. Nxg2 Nf3+ 46. Kg3 Rf6 47. Nf4 g5 48. Qc4+ Kf8 49. Nh5 Rf7 50. Qc5+ Ke8 51. Qe3+ Kd7 52. d4 Kc7 53. Qc3 Kb8 54.
Qc5 Rd7 55. Qf8+ Kc7 56. Nf6 Rxd4 57. Qe7+ Kb6 58. Qe3 Kc7 59. Ne8+ Kd7 60. Nf6+ Kc7 61. Ng4 Rf4 62. Ne5 Nh4 63. Nxc6 Nf5+ 64. Kh2 Nxe3 65.
Ne5 Rf2+ 66. Kg3 Rxb2 0-1

[Event "*** Titled Tuesday Blitz"]
[Site "Chess.com"]
[Date "2018.06.05"]
[Round "1"]
[White "Anurag328"]
[Black "Terrordelcaribe94"]
[Result "1/2-1/2"]
[WhiteElo "2661"]
[BlackElo "2348"]
[TimeControl "180+2"]
[EndTime "13:10:44 PDT"]
[Termination "Game drawn - insufficient material"]

1. c4 f5 2. g3 Nf6 3. Bg2 g6 4. d3 Bg7 5. Nc3 O-O 6. Nf3 d6 7. O-O e5 8. Rb1 a5 9. a3 Nc6 10.
b4 axb4 11. axb4 h6 12. b5 Ne7 13. b6 c6 14. c5 Be6 15. Bb2 g5 16. Ra1 Rb8 17. cxd6 Qxd6 18. Ba3 Qd8 19. Nxe5 Re8 20. Nc4 Nfd5 21. Nxd5 Nxd5 22. Bc5 Nc3 23. Qc2 Bxc4 24. dxc4 Qf6 25. Rae1 Ne4 26. Ba3 Ra8 27. Bc1 Qe6 28. c5 Ra2 29. Qd3 Nxc5 30. Qf3 Ne4 31. Qh5 Nf6 32. Qf3 Nd5 33. h4 g4 34. Qb3 Rxe2 35.
Bd2 Nf6 36. Qd3 Rxe1 37. Rxe1 Qf7 38. Qxf5 Rxe1+ 39. Bxe1 Qe8 40. Bc3 Qd8 41. Kh2 Nd5 42. Bxd5+ cxd5 43. Qxg4 d4 44. Bd2 Qxb6 45. Qc8+ Kh7 46.
Qf5+ Qg6 47. Qb5 Qc6 48. Qf5+ Qg6 49. Qd7 Qf6 50. Kg2 Qc6+ 51. Qxc6 bxc6 52. Kf3 c5 53. Ke4 c4 54. h5 Kg8 55. f4 Kf7 56. g4 Ke6 57.
Bb4 c3 58. Kd3 Kd5 59. g5 Ke6 60. Ke4 c2 61. Bd2 Kd6 62. gxh6 Bh8 63. h7 Ke6 64. f5+ Kf6 65. h6 Kf7 66. Bg5 Ke8 67. Kd3 Kd7 68. Kxc2 Kd6 69. Bf4+ Kd5 70. Kd3 Bf6 71. Bc7 Bh8 72.
Bg3 Bf6 73. Bf2 Bh8 74. Bh4 Ke5 75. Bf2 Kxf5 76. Bxd4 Kg6 77. Bxh8 Kxh6 78. Bf6 Kxh7 1/2-1/2

[Event "*** Titled Tuesday Blitz"]
[Site "Chess.com"]
[Date "2018.06.05"]
[Round "1"]
[White "ruvat"]
[Black "Fins0905"]
[Result "0-1"]
[WhiteElo "2283"]
[BlackElo "2597"]
[TimeControl "180+2"]
[EndTime "13:10:44 PDT"]
[Termination "Fins0905 won on time"]

1. d4 d5 2. c4 c6 3. Nf3 Nf6 4.
Qc2 dxc4 5. Qxc4 Bf5 6. g3 e6 7. Bg2 Nbd7 8. O-O Be7 9. Qb3 Qb6 10. Nbd2 O-O 11. Nc4 Qxb3 12. axb3 Be4 13. Bf4 Nd5 14.
Bd6 Rfe8 15. Bxe7 Rxe7 16. Nd6 Bxf3 17. Bxf3 N7f6 18. Nc4 a6 19. Ra5 Rd8 20. e3 g6 21.
Kg2 h5 22. h3 Kg7 23. Rc1 Rc7 24. Ne5 Rdc8 25. Ra4 Nd7 26. Nd3 c5 27. dxc5 Nxc5 28.
Nxc5 Rxc5 29. Rac4 b6 30. Be2 a5 31. Bf3 Nb4 32.
Be2 f5 33. f4 Kf6 34. Kf3 e5 35. Rxc5 Rxc5 36. Rxc5 bxc5 37. e4 Nc6 38. Bc4 Nd4+ 39. Ke3 g5 40. h4 exf4+ 41. gxf4 gxh4 42. e5+ Kg6 43. Kf2 Nc2 44. Kf3 Ne1+ 45. Kf2 Nc2 46. Kf3 Nb4 47. Kf2 Nc6 48. Kf3 Nd4+ 49. Kg2 Nc2 50. Kh3 Ne3 51. Kxh4 a4 52. Be2 axb3 53. Bxh5+ Kg7 54. Be2 c4 55. Kg5 Kf7 56. Kh4 Ke6 57. Kg5 Kd5 58. Kf6 Kd4 59. e6 c3 60. bxc3+ Kxc3 61. e7 Nd5+ 62. Kxf5 Nxe7+ 63. Ke4 b2 64. Bd3 Nd5 65. Bb1 Kc4 66. f5 Nc3+ 0-1

[Event "*** Titled Tuesday Blitz"]
[Site "Chess.com"]
[Date "2018.06.05"]
[Round "1"]
[White "Usurpov"]
[Black "Oleksandr_Bortnyk"]
[Result "1-0"]
[WhiteElo "2433"]
[BlackElo "2785"]
[TimeControl "180+2"]
[EndTime "13:10:48 PDT"]
[Termination "Usurpov won by checkmate"]

1. e4 Nf6 2. Nc3 d5 3. e5 Nfd7 4. d3 Nxe5 5. d4 Ng6 6. Nf3 c6 7. h4 h5 8. Bd3 Qd6 9. Be3 Bg4 10. Qd2 Bxf3 11. gxf3 Nd7 12. O-O-O Nb6 13. Rdg1 Nc4 14. Qe2 Qb4 15. Bxc4 Qxc4 16. Qd2 e6 17. Kb1 Bb4 18.
Qd3 Qxd3 19. cxd3 a5 20. Kc2 a4 21. f4 Rh7 22. Rg5 Ne7 23. Ne2 g6 24. Rgg1 a3 25.
b3 Nf5 26. Ng3 Nd6 27. Bd2 Bxd2 28. Kxd2 Nb5 29. Ke3 Kd7 30. Rc1 Rhh8 31. Rhe1 Rhe8 32.
Ne2 Nd6 33. Ng3 Ra5 34. Kf3 Rb5 35. Rc5 Rb4 36. Ke3 Ra8 37. Rec1 Nb5 38. Ne2 Re8 39. R5c2 f6 40. Rg1 e5 41. fxe5 fxe5 42. Rxg6 exd4+ 43. Kd2 Rf8 44. Rg7+ Kc8 45. f4 Nd6 46. Rg5 Rf5 47. Rc1 Kd7 48. Rcg1 c5 49. Rg7+ Kc6 50. R1g6 Rxb3 51.
axb3 a2 52. Rg1 Rf8 53. R7g5 Ra8 54. Ra1 Nb5 55. Rg6+ Kc7 56. Kc2 Re8 57. Kd2 Ra8 58. Rg5 Kc6 59. Rxh5 Nd6 60. Rh6 b5 61. b4 Ra3 62.
bxc5 Kxc5 63. Nc1 Nc4+ 64. dxc4 bxc4 65. Rh5 Rh3 66. Rxa2 Rh2+ 67. Kd1 Rh1+ 68. Kc2 Rh2+ 69. Kb1 Rh1 70. Ra5+ Kb4 71. Raxd5 d3 72. Kb2 c3+ 73.
Ka2 Rh2+ 74. Kb1 Rb2+ 75. Ka1 Kc4 76. Rc5+ Kd4 77. Rhd5+ Ke4 78. Nxd3 Rb8 79. Nc1 c2 80. Re5+ Kxf4 81. Re1 Ra8+ 82. Kb2 Kg3 83. Kxc2 Kxh4 84. Nd3 Kg4 85. Kd2 Kf3 86. Rf5+ Kg4 87. Rf7 Ra2+ 88. Ke3 Kg3 89. Rg1+ Kh2 90. Rg8 Kh1 91. Rh7+ Rh2 92.
Nf2# 1-0